 Dungeon Crawl Stone Soup version 0.28-a0-1382-g92835e5c71 (webtiles) character file.

Game seed: 14111172568848740504

618 Deminshera the Sneak (level 7, -8/44 HPs)
             Began as a Kobold Brigand on Jan 1, 2022.
             Mangled by Edmund (11 damage)
             ... on level 4 of the Dungeon.
             The game lasted 00:05:04 (5956 turns).

Deminshera the Sneak (Kobold Brigand)               Turns: 5956, Time: 00:05:05

Health: -8/44      AC:  6    Str: 11    XL:     7   Next: 74%
Magic:  7/7        EV: 13    Int: 12    God:
Gold:   130        SH:  0    Dex: 16    Spells: 6/6 levels left

rFire   . . .      SeeInvis .   r - +0 rapier
rCold   + . .      Faith    .   (no shield)
rNeg    . . .      Spirit   .   o - +0 leather armour {rC+}
rPois   .          Reflect  .   k - +2 hat
rElec   .          Harm     .   c - +0 cloak
rCorr   .          Rampage  .   (no gloves)
Will    .....                   (no boots)
Stlth   +++++.....              (no amulet)
HPRegen 0.14/turn               (no ring)
MPRegen 0.10/turn               (no ring)

@: studying Slings
A: small, no large weapons, nightstalker 3
a: no special abilities


You were on level 4 of the Dungeon.
You visited 1 branch of the dungeon, and saw 5 of its levels.

You collected 130 gold pieces.

Inventory:

Hand Weapons
 r - a +0 rapier (weapon)
Missiles
 d - 22 poisoned darts
 e - a curare-tipped dart
 i - 3 atropa-tipped darts (quivered)
Armour
 c - a +0 cloak (worn)
 k - a +2 hat (worn)
 o - a +0 leather armour of cold resistance (worn)
Jewellery
 v - a ring of fire
Wands
 x - a wand of iceblast (6)
Scrolls
 f - a scroll of immolation {unknown}
 g - a scroll of fog {unknown}
 m - a scroll of enchant armour {unknown}
 n - 5 scrolls of identify {unknown}
 p - a scroll of vulnerability {unknown}
 t - a scroll of torment {unknown}
 u - a scroll of amnesia {unknown}
 w - 3 scrolls of enchant weapon {unknown}
 y - a scroll of teleportation {unknown}
Potions
 b - 3 potions of magic {unknown}
 h - a potion of curing {unknown}
 j - a potion of brilliance {unknown}
 l - a potion of heal wounds {unknown}
 q - 2 potions of flight {unknown}
 s - a potion of lignification {unknown}


   Skills:
 + Level 4.7 Fighting
 * Level 7.7 Short Blades
 - Level 2.1 Throwing
 - Level 1.2 Dodging
 + Level 7.7 Stealth


You had 6 spell levels left.
You didn't know any spells.
Your spell library contained the following spells:

 Spells                   Type           Power      Damage    Failure   Level
 Sting                    Tmut/Pois      0%         1d3       41%         1
 Passwall                 Tmut/Erth      0%         N/A       54%         2
 Poisonous Vapours        Pois/Air       0%         N/A       54%         2
 Swiftness                Air            0%         N/A       78%         3
 Olgreb's Toxic Radiance  Pois           0%         N/A       99%         4


Dungeon Overview and Level Annotations

Branches:
Dungeon (5/15)
 Temple: D:4-7

Altars:
Ashenzari
Makhleb
Nemelex Xobeh
Wu Jian

Annotations:
D:4 Edmund


Innate Abilities, Weirdness & Mutations

You are small and have problems with some larger weapons.
You are completely attuned to the shadows.


Message History

Aim: Edmund, wielding a +5 vorpal dire flail and wearing a +0 leather armour (lightly wounded, fast, very poisoned, slow, 63% to hit)
You throw a poisoned dart.
The poisoned dart closely misses Edmund.
Edmund says, "I might not be good at magic, but I can still kill you!"
The phantom hits you.
The phantom blinks!
You blink.
Edmund says, "What use are spells, anyway?"
There is a stone staircase leading down here.
You see here 20 stones.
Edmund is no longer moving slowly.
Edmund says, "A flail is better than a scythe, any day of the week!"
You hit the phantom but do no damage.
Edmund looks more healthy.
The phantom hits you.
Edmund says, "You wouldn't believe how much I paid for this flail."
Edmund misses you.
There is an escape hatch in the ceiling here.
Edmund misses you. A mysterious force pulls you upwards.
The hatch slams shut behind you.
Throw: throwing net
Press: ? - help, Q - select action, (/) - cycle Shift-Dir - straight line, f - Edmund
Aim: Edmund, wielding a +5 vorpal dire flail and wearing a +0 leather armour (heavily wounded, fast, 63% to hit)
You throw a throwing net. The throwing net closely misses Edmund.
Edmund hits you with a +5 vorpal dire flail!
Edmund hits you with a +5 vorpal dire flail.
Throw: 5 darts (atropa)
Press: ? - help, Q - select action, (/) - cycle Shift-Dir - straight line, f/p - Edmund
Aim: Edmund, wielding a +5 vorpal dire flail and wearing a +0 leather armour (moderately wounded, fast, 63% to hit, chance to blind on hit: 82%)
You throw an atropa-tipped dart. The atropa-tipped dart hits Edmund.
Edmund resists.
Edmund is moderately wounded.
Edmund hits you with a +5 vorpal dire flail!
* * * LOW HITPOINT WARNING * * *
x2 Throw: 4 darts (atropa)
Press: ? - help, Q - select action, (/) - cycle Shift-Dir - straight line, f/p - Edmund
Aim: Edmund, wielding a +5 vorpal dire flail and wearing a +0 leather armour (moderately wounded, fast, 63% to hit, chance to blind on hit: 80%)
You throw an atropa-tipped dart. The atropa-tipped dart hits Edmund.
Edmund appears confused.
Edmund is moderately wounded.
Edmund seems less confused.
Edmund hits you with a +5 vorpal dire flail!
You die...

# #.......# ####.......#
...........# ##########.#
)...######.# ###.....([.# #
########## ################### #
#.................# #
#.@@.......#.####.# #
#..(.......#.## #.# #
##########.............# #.#
#####................)..#..###.#
........[...............#......#
####..............)<)...#...####
# #...........####<###........#
# #...........# #.# #...#.#..# #
#.########### #.###...#....#


You could see Edmund (fast, blind).

Vanquished Creatures
  2 centaurs (D:5)
  A scorpion (D:5)
  A water moccasin skeleton (D:4)
  A hound (D:5)
  A jelly (D:5)
  An orc priest (D:4)
  A gnoll shaman (D:4)
  A centaur skeleton (D:5)
  An orc wizard (D:4)
  A hound skeleton (D:4)
  4 adders
  4 gnolls
  2 ufetubi (D:4)
  A dart slug (D:1)
  11 orcs
  3 bats
  7 endoplasms
  A giant cockroach (D:2)
  7 goblins
  7 hobgoblins
  4 jackals (D:1)
  3 quokkas
  5 ball pythons
  2 frilled lizards
  6 kobolds
  4 rats
82 creatures vanquished.

Vanquished Creatures (others)
  A plant (D:3)
1 creature vanquished.

Grand Total: 83 creatures vanquished

Notes
Turn   | Place    | Note
-------+----------+-------------------------------------------
     0 | D:1      | Deminshera the Kobold Brigand began the quest for the Orb.
     0 | D:1      | Reached XP level 1. HP: 12/12 MP: 1/1
   179 | D:1      | Reached XP level 2. HP: 12/18 MP: 2/2
   873 | D:1      | Reached XP level 3. HP: 22/22 MP: 3/3
  2443 | D:2      | Reached XP level 4. HP: 27/27 MP: 4/4
  2742 | D:3      | Found a broken altar of Ashenzari.
  2908 | D:3      | Found a faded altar of an unknown god.
  3403 | D:4      | Reached skill level 5 in Short Blades
  3403 | D:4      | Reached XP level 5. HP: 12/32 MP: 5/5
  4274 | D:4      | Reached XP level 6. HP: 19/38 MP: 6/6
  5103 | D:5      | Entered Level 5 of the Dungeon
  5138 | D:5      | Found a burning altar of Makhleb.
  5138 | D:5      | Found a sparkling altar of Nemelex Xobeh.
  5138 | D:5      | Found an ornate altar of the Wu Jian Council.
  5232 | D:5      | Reached XP level 7. HP: 43/43 MP: 7/7
  5916 | D:5      | Noticed Edmund
  5954 | D:4      | HP: 2/44 [Edmund (3)]
  5956 | D:4      | Mangled by Edmund

Illustrated notes

Levels and vault maps discovered:
D:1:      dpeg_arrival_three_smaller_balls, layout_loops_corners
D:2:      wander_river, layout_basic, eino_curves_01, dk_noncrumbling_4
D:3:      layout_rooms, lemuel_crystal_altar, shapermc_ecumenical_altar_ellora
D:4:      layout_basic
D:5:      layout_basic, gammafunk_temple_overflow_claw, marbit_many_paths,
          nicolae_ru_awakened_eye, corexii_shack, minmay_manual_moon,
          uniq_sigmund, uniq_edmund

Skill      XL: |  1  2  3  4  5  6  7 |
---------------+----------------------+-----
Short Blades   | 3 4 5 6 7 |  7.7
Fighting       | 3 4 |  4.7
Stealth        | 6 7 |  7.7
Throwing       | |  2.1
Dodging        | |  1.2

Action                   |  1- 3 |  4- 6 |  7- 9 || total
-------------------------+-------+-------+-------++-------
Melee: Dagger            |   103 |    52 |       ||   155
       Rapier            |       |    81 |     5 ||    86
Throw: Dart              |    10 |    23 |     7 ||    40
       Throwing net      |       |       |     1 ||     1
Evoke: Wand              |       |       |     2 ||     2
 Stab: Sleeping          |    17 |    10 |     2 ||    29
       Distracted        |       |     1 |       ||     1
Armor: Robe              |    18 |     4 |       ||    22
       Leather armour    |       |    21 |     4 ||    25
Dodge: Dodged            |    78 |    59 |    16 ||   153

Table legend: (Time is in decaauts)
 A = Elapsed time spent in this place.
 B = Non-inter-level travel time spent in this place.
 C = Inter-level travel time spent in this place.
 D = Time resting spent in this place.
 E = Time spent auto-exploring this place.
 F = Levels seen in this place.
 G = Mean time per level.
                   A        B        C        D        E       F      G
               +--------+--------+--------+--------+--------+-----+--------+
         Total |   5941 |   5828 |    113 |   2104 |   2973 |   5 | 1188.2 |
       Dungeon |   5941 |   5828 |    113 |   2104 |   2973 |   5 | 1188.2 |
               +--------+--------+--------+--------+--------+-----+--------+

Top non-repeatable levels by time:
     D:4: 1604 daAuts
     D:1: 1443 daAuts
     D:2: 1303 daAuts
     D:5: 847 daAuts
     D:3: 743 daAuts
